 Dungeon Crawl Stone Soup version 0.21.0-24-g2553a33 (webtiles) character file.

80 loralnil the Digger (level 4, -3/24 HPs)
             Began as a Gargoyle Earth Elementalist on Jan 20, 2018.
             Shot with an arrow by a centaur (13 damage)
             ... on level 2 of the Dungeon.
             The game lasted 00:04:10 (1532 turns).

loralnil the Digger (Gargoyle Earth Elementalist)   Turns: 1532, Time: 00:04:11

Health: -3/24      AC:  8    Str: 12    XL:     4   Next: 39%
Magic:  8/8        EV: 11    Int: 16    God:
Gold:   134        SH:  0    Dex: 10    Spells: 2/8 levels left

rFire    . . .     SeeInvis .   c - +0 mace
rCold    . . .     Gourm    .   (no shield)
rNeg     + . .     Faith    .   l - +0 ring mail
rPois    ∞         Spirit   .   (no helmet)
rElec    +         Reflect  .   (no cloak)
rCorr    .         Harm     .   (no gloves)
MR       .....                  (no boots)
Stlth    +.........             (no amulet)
HPRegen  0.08/turn              (no ring)
MPRegen  0.11/turn              (no ring)

@: no status effects
A: negative energy resistance 1, electricity resistance, unbreathing,
petrification resistance, rot immunity, AC +3
a: no special abilities


You were on level 2 of the Dungeon.
You were not hungry.

You visited 1 branch of the dungeon, and saw 2 of its levels.

You collected 134 gold pieces.

Inventory:

Hand Weapons
 c - a +0 mace (weapon)
Missiles
 b - 18 stones (quivered)
Armour
 l - a +0 ring mail (worn)
Scrolls
 g - a scroll of teleportation {unknown}
 h - a scroll of amnesia {unknown}
 j - a scroll of remove curse {unknown}
 k - 2 scrolls of identify {unknown}
Potions
 a - a potion of mutation {unknown}
 i - a potion of agility {unknown}
Books
 e - a book of Geomancy

   Spells                             Type                      Level
   a - Sandblast                      Earth                        1
   b - Passwall                       Transmutation/Earth          2
   c - Stone Arrow                    Conjuration/Earth            3
   d - Petrify                        Transmutation/Earth          4
   e - Lee's Rapid Deconstruction     Earth                        5
Comestibles
 d - 5 rations
 f - 3 chunks of flesh


   Skills:
 + Level 0.0 Maces & Flails
 + Level 0.2 Armour
 + Level 2.3 Dodging
 - Level 3.0 Stealth
 + Level 2.7 Spellcasting
 - Level 0.7 Transmutations
 + Level 4.4 Earth Magic


You had 2 spell levels left.
You knew the following spells:

 Your Spells              Type           Power        Failure   Level  Hunger
a - Sandblast             Erth           ###...       7%          1    #......
b - Passwall              Tmut/Erth      ##........   22%         2    ##.....
c - Stone Arrow           Conj/Erth      #.....       47%         3    ###....


Dungeon Overview and Level Annotations

Branches:
Dungeon (2/15)

Altars:
Cheibriados


Innate Abilities, Weirdness & Mutations

You are resistant to torment.
Your stone body is resilient. (AC +3)
You are immune to poison.
You resist negative energy. (rN+)
You are resistant to electric shocks. (rElec)
You can survive without breathing.
You are immune to petrification.
You are immune to rotting.


Message History

You kill the rat!
b - 18 stones You are feeling hungry.
Eating one of 4 chunks of flesh.
You eat one of the 4 chunks of flesh.
This raw flesh tastes terrible.
You butcher the rat corpse.
f - 4 chunks of flesh (gained 1)
You see here a rat skeleton. x2
Some of the chunks of flesh in your inventory have rotted away.
A centaur comes into view. It is wielding a dagger.
The centaur moves out of view.
The centaur shouts!
The centaur unwields an uncursed dagger.
The centaur wields a shortbow.
The centaur shoots an arrow.
The arrow hits you!
You see here an arrow.
The centaur shoots an arrow.
The arrow hits you!
You see here an arrow.
The centaur shoots an arrow.
The arrow hits you!
Ouch! That really hurt!
You die...

# #......# .. # #......# #. #
#......# ##### #. # #.÷....#
#...# . # ##.##### #...# # ####.#
#...# # ##...# #########...# #
##.#####.......#...###.# #
##............((@.c....# #
########.......######### # #
#.......################## #
##########................
#################.###############
........(...............#
#################.#####.# #.# #.#


You could see a centaur.

Vanquished Creatures
  3 adders (D:2)
  An ooze (D:1)
  A worm (D:2)
  A leopard gecko (D:2)
  2 ball pythons (D:1)
  A giant cockroach (D:2)
  11 goblins
  3 hobgoblins
  4 jackals (D:1)
  2 bats (D:1)
  7 kobolds
  7 rats
43 creatures vanquished.

Notes
Turn   | Place    | Note
-------+----------+-------------------------------------------
     0 | D:1      | loralnil the Gargoyle Earth Elementalist began the quest for the Orb.
     0 | D:1      | Reached XP level 1. HP: 10/10 MP: 3/3
   317 | D:1      | Reached XP level 2. HP: 15/15 MP: 3/5
   518 | D:1      | Reached skill level 4 in Earth Magic
   646 | D:1      | Reached XP level 3. HP: 16/19 MP: 3/6
   878 | D:2      | Learned a level 2 spell: Passwall
   882 | D:2      | Learned a level 3 spell: Stone Arrow
  1132 | D:2      | Reached XP level 4. HP: 24/24 MP: 1/7
  1239 | D:2      | Found a snail-covered altar of Cheibriados.
  1527 | D:2      | Noticed a centaur
  1532 | D:2      | Shot with an arrow by a centaur

Skill      XL: |  1  2  3 |
---------------+----------+-----
Earth Magic    | 4 |  4.4
Dodging        | 2 |  2.3
Stealth        | 3 |  3.0
Armour         | |  0.2
Spellcasting   | |  2.7
Transmutations | |  0.7

Action                   |  1- 3 |  4- 6 || total
-------------------------+-------+-------++-------
Melee: Unarmed           |    37 |    36 ||    73
 Cast: Sandblast         |    36 |    11 ||    47
  Eat: Chunk             |     1 |     2 ||     3
Armor: Robe              |    15 |     3 ||    18
       Ring mail         |       |    15 ||    15
Dodge: Dodged            |    26 |    17 ||    43
